 Dungeon Crawl Stone Soup version 0.24-a0-22-g2a401c0 (console) character file.

Game seed: 12205453263752615891

28 Voker57 the Slasher (level 2, 0/22 HPs)
             Began as a Demonspawn Gladiator on Feb 1, 2019.
             Succumbed to an adder's poison
             ... on level 2 of the Dungeon.
             The game lasted 00:01:54 (953 turns).

Voker57 the Slasher (Demonspawn Gladiator)           Turns: 953, Time: 00:01:55

Health: 0/22       AC:  3    Str: 14    XL:     2   Next: 96%
Magic:  2/2        EV: 12    Int:  9    God:
Gold:   86         SH:  0    Dex: 14    Spells: 1/1 levels left

rFire    . . .     SeeInvis .   a - +0 long sword
rCold    + . .     Gourm    .   (no shield)
rNeg     . . .     Faith    .   b - +0 leather armour
rPois    .         Spirit   .   (helmet restricted)
rElec    .         Reflect  .   (no cloak)
rCorr    .         Harm     .   (no gloves)
MR       .....                  (no boots)
Stlth    +.........             (no amulet)
HPRegen  0.07/turn              h - ring of protection from cold
MPRegen  0.08/turn              (no ring)

@: lethally poisoned (0 -> -11)
A: antennae 1
a: no special abilities


You were on level 2 of the Dungeon.
You were not hungry.

You visited 1 branch of the dungeon, and saw 2 of its levels.

You collected 86 gold pieces.

Inventory:

Hand Weapons
 a - a +0 long sword (weapon)
Missiles
 d - 3 throwing nets (quivered)
Armour
 b - a +0 leather armour (worn)
 c - a +0 helmet
Jewellery
 h - a ring of protection from cold (left hand)
Comestibles
 f - 6 rations


   Skills:
 + Level 2.2 Fighting
 + Level 3.3 Long Blades
 + Level 1.9 Throwing
 + Level 0.4 Armour
 + Level 2.8 Dodging
 + Level 0.2 Stealth


You had one spell level left.
You didn't know any spells.
Your spell library was empty.

Dungeon Overview and Level Annotations

Branches:
Dungeon (2/15)

Altars:
Cheibriados


Innate Abilities, Weirdness & Mutations

You have a pair of small antennae on your head.


Message History

You hit the adder.
You kill the adder!
You feel sick.
You aren't carrying any potions.
You hit the hobgoblin.
The hobgoblin is severely wounded.
* * * LOW HITPOINT WARNING * * *
You feel sick. The hobgoblin closely misses you.
The hobgoblin completely misses you.
You hit the hobgoblin.
You kill the hobgoblin!
* * * LOW HITPOINT WARNING * * *
You feel sick.
* * * LOW HITPOINT WARNING * * *
You feel sick. The worm bites you.
* * * LOW HITPOINT WARNING * * *
Found a bubbling white potion.
Things that are here:
a +0 club; an adder corpse You barely miss the worm.
You die...

.## ..# ..# ..#
..##########
..>........#
........#..#### ####
........#.....# .....
........#.###.####......
..........# #...@w......
.#........# #####.......
.#........# .....>.
........... .......
..#.##...... .......
............. !......
.......###.... .......
........# ....< ###....
....###......... ....##
###.


You could see a worm.

Vanquished Creatures
  An adder (D:2)
  An ooze (D:1)
  A worm (D:2)
  A leopard gecko (D:1)
  2 hobgoblins
  A bat (D:1)
  A frilled lizard (D:1)
  3 kobolds (D:1)
  2 rats (D:1)
13 creatures vanquished.

Notes
Turn   | Place    | Note
-------+----------+-------------------------------------------
     0 | D:1      | Voker57 the Demonspawn Gladiator began the quest for the
                  | Orb.
     0 | D:1      | Reached XP level 1. HP: 16/16 MP: 1/1
   209 | D:1      | Reached skill level 3 in Long Blades
   209 | D:1      | Gained mutation: You have a pair of small antennae on your
                  | head. [demonic ancestry]
   209 | D:1      | Reached XP level 2. HP: 11/22 MP: 2/2
   468 | D:1      | Found a snail-covered altar of Cheibriados.
   952 | D:2      | HP: 1/22 [worm (3)]
   953 | D:2      | Succumbed to an adder's poison

Vault maps used:
D:1:      minmay_arrival_loop, minmay_misc_feat_ornament,
          chequers_hall_statues_y, cheibriados_altar_1
D:2:      lemuel_coloured_pillars_altar

Skill      XL: |  1 |
---------------+----+-----
Long Blades    | 3 |  3.3
Fighting       | |  2.2
Throwing       | |  1.9
Armour         | |  0.4
Dodging        | |  2.8
Stealth        | |  0.2

Action                   || total
-------------------------++-------
Melee: Long sword        ||    40
Throw: Throwing net      ||     1
  Use: Scroll            ||     2
 Stab: Held in net/web   ||     3
Armor: Leather armour    ||     4
Dodge: Dodged            ||    27
       Rpst.: Long sword ||    11

Table legend:
 A = Non-vault XP
 B = Vault XP
 C = Vault XP percentage of total XP
 D = Non-vault monster count
 E = Vault monster count
 F = Vault count percentage of total count
                 A         B        C        D         E       F
            +---------+---------+-------+---------+---------+-------
      Total |      40 |       0 |   0.0 |      13 |       0 |   0.0
            +---------+---------+-------+---------+---------+-------
        D:1 |      20 |       0 |   0.0 |      10 |       0 |   0.0
        D:2 |      20 |       0 |   0.0 |       3 |       0 |   0.0
            +---------+---------+-------+---------+---------+-------
